 Dungeon Crawl Stone Soup version 0.22-a0-482-g76e0a5f (webtiles) character file.

25 Amnesiac the Grave Robber (level 2, -4/23 HPs)
             Began as a Mummy Necromancer on June 17, 2018.
             Slain by a bullfrog skeleton (6 damage)
             ... on level 4 of the Dungeon.
             The game lasted 00:01:46 (480 turns).

Amnesiac the Grave Robber (Mummy Necromancer)        Turns: 480, Time: 00:01:46

Health: -4/23      AC:  2    Str: 11    XL:     2   Next: 86%
Magic:  0/5        EV: 12    Int: 14    God:
Gold:   91         SH:  0    Dex: 12    Spells: 5/6 levels left

rFire    x . .     SeeInvis .   b - +0 short sword
rCold    + . .     Gourm    .   (no shield)
rNeg     + + +     Faith    .   a - +0 robe
rPois    ∞         Spirit   .   (no helmet)
rElec    .         Reflect  .   (no cloak)
rCorr    .         Harm     .   (no gloves)
MR       .....                  (no boots)
Stlth    +.........             (no amulet)
HPRegen  0.07/turn              c - ring of loudness
MPRegen  0.09/turn              (no ring)

@: very slightly contaminated
A: no food or potions, fire vulnerability, cold resistance 1, negative energy
resistance 3, torment resistance, unbreathing
a: no special abilities


You were on level 4 of the Dungeon.
You were not hungry.

You visited 1 branch of the dungeon, and saw 4 of its levels.

You collected 91 gold pieces.

Inventory:

Hand Weapons
 b - a +0 short sword (weapon)
 e - a -2 falchion
Armour
 a - a +0 robe (worn)
Jewellery
 c - a ring of loudness (left hand)
Scrolls
 d - a scroll of remove curse {!r}


   Skills:
 + Level 2.6 Fighting
 - Level 1.5 Dodging
 - Level 1.5 Stealth
 - Level 2.6 Spellcasting
 - Level 4.0 Necromancy


You had 5 spell levels left.
You knew the following spells:

 Your Spells              Type           Power        Failure   Level  Hunger
a - Pain                  Necr           ##..         4%          1    N/A

Your spell library contained the following spells:

 Spells                   Type           Power        Failure   Level  Hunger
 Animate Dead             Necr           N/A          38%         4    N/A
 Animate Skeleton         Necr           N/A          4%          1    N/A
 Vampiric Draining        Necr           ##........   13%         3    N/A
 Regeneration             Chrm/Necr      #.........   28%         3    N/A

Dungeon Overview and Level Annotations

Branches:
Dungeon (4/15)
 Temple: D:4-7

Altars:
Ashenzari
Fedhas

Annotations:
D:4 Ijyb


Innate Abilities, Weirdness & Mutations

You do not eat or drink.
Your flesh is vulnerable to fire.
You are immune to poison.
Your flesh is cold resistant. (rC+)
You are immune to negative energy. (rN+++)
You are immune to unholy pain and torment.
You can survive without breathing.


Message History

Aiming: Pain (safe; 4% risk of failure)
Press: ? - help, Shift-Dir - straight line, f - jackal
Aim: a jackal (chance to defeat MR: 83%)
You miscast Pain.
You are very lightly contaminated with residual magic.
Nothing appears to happen.
A jackal comes into view.
The jackal bites you.
* * * LOW HITPOINT WARNING * * *
The bullfrog skeleton barely misses you.
The jackal bites you.
* * * LOW HITPOINT WARNING * * *
The bullfrog skeleton hits you.
* * * LOW HITPOINT WARNING * * *
Unknown command.
Okay, then.
Casting: Pain (safe; 4% risk of failure)
Confirm with . or Enter, or press ? or * to list all spells.
Aiming: Pain (safe; 4% risk of failure)
Press: ? - help, Shift-Dir - straight line, f/p - jackal
Aim: a jackal (chance to defeat MR: 83%)
The jackal barely resists.
The jackal barely misses you.
The bullfrog skeleton completely misses you.
Unknown command.
Casting: Pain (safe; 4% risk of failure)
Confirm with . or Enter, or press ? or * to list all spells.
Aiming: Pain (safe; 4% risk of failure)
Press: ? - help, Shift-Dir - straight line, f/p - jackal
Aim: a jackal (chance to defeat MR: 83%)
The jackal barely resists.
The jackal closely misses you.
The bullfrog skeleton closely misses you.
The jackal barely misses you.
Unknown command.
Casting: Pain (safe; 4% risk of failure)
Confirm with . or Enter, or press ? or * to list all spells.
Aiming: Pain (safe; 4% risk of failure)
Press: ? - help, Shift-Dir - straight line, f/p - jackal
Aim: a jackal (chance to defeat MR: 83%)
The jackal writhes in agony!
You kill the jackal!
The bullfrog skeleton barely misses you. x2
Unknown command.
Casting: Pain (safe; 4% risk of failure)
Confirm with . or Enter, or press ? or * to list all spells.
Aiming: Pain (safe; 4% risk of failure)
Press: ? - help, Shift-Dir - straight line, f - jackal
Aim: a jackal (chance to defeat MR: 83%)
The jackal writhes in agony!
You kill the jackal!
The bullfrog skeleton barely misses you.
The jackal misses you.
Unknown command.
Casting: Pain (safe; 4% risk of failure)
Confirm with . or Enter, or press ? or * to list all spells.
You don't have enough magic to cast that spell.
Unknown command.
You hit the jackal.
The jackal is lightly wounded.
The bullfrog skeleton closely misses you.
The jackal bites you but does no damage.
You barely miss the jackal.
The jackal is lightly wounded.
The bullfrog skeleton hits you.
You die...

**,* ***** *.#..#..Z..# *,*
*..##.#,#.#. *,* *#.*#.⌠.###.⌠
*,* ##.####.#.#.#. *,*
#..#.#,#.#.#.# *,*
#.#.8.###.⌠.## *,* ****###**
##..#,#.#.#.#.#
*,*****,..#...####...####.#.###.
*,,,,,,,......h@Zga##.##.8g###.⌠
*******,.P.P.#########.##.###.#.
*,.._,,* ##ga#.....# *,.,,,,*
##...###.. **,,,,,* ##### ###
*******


You could see Ijyb, a worker ant, a jackal and a bullfrog skeleton.

Vanquished Creatures
  An adder (D:4)
  2 giant cockroaches
  A goblin (D:3)
  5 hobgoblins
  2 jackals (D:4)
  A kobold (D:1)
  A bat (D:1)
  A rat (D:1)
  A fungus (D:1)
15 creatures vanquished.

Notes
Turn   | Place    | Note
-------+----------+-------------------------------------------
     0 | D:1      | Amnesiac the Mummy Necromancer began the quest for the Orb.
     0 | D:1      | Reached XP level 1. HP: 13/13 MP: 4/4
    71 | D:1      | Reached skill level 1 in Fighting
   181 | D:1      | Reached XP level 2. HP: 22/22 MP: 0/5
   279 | D:1      | You fall through a shaft!
   292 | D:2      | Found a shattered altar of Ashenzari.
   444 | D:4      | Noticed Ijyb
   472 | D:4      | Found a blossoming altar of Fedhas.
   474 | D:4      | HP: 1/23 [bullfrog skeleton (5)]
   480 | D:4      | Slain by a bullfrog skeleton

Vault maps used:
D:1:      giann_wishing_wells, minmay_gold_behind_fungi
D:2:      nicolae_ashenzari_panopticon, grunt_temple_overflow_open, uniq_jessica
D:3:      st_stairs_13, cheibrodos_gnoll_hut
D:4:      cheibrodos_barr_body, fedhas_altar_1, grunt_decor_mini_mirrors,
          trog_three_pillars_becter, uniq_edmund, uniq_ijyb, uniq_sigmund,
          uniq_duvessa

Skill      XL: |  1  2 |
---------------+-------+-----
Fighting       | 1 2 |  2.6
Dodging        | |  1.5
Stealth        | |  1.5
Spellcasting   | |  2.6
Necromancy     | |  4.0

Action                   || total
-------------------------++-------
Melee: Short sword       ||    30
 Cast: Pain              ||    28
  Use: Scroll            ||     2
Armor: Robe              ||     3
Dodge: Dodged            ||    18

Table legend:
 A = Spawn XP
 B = Non-spawn XP
 C = Spawn XP percentage of total XP
 D = Spawn monster count
 E = Non-spawn monster count
 F = Spawn count percentage of total count
 G = Total turns spent on level
                    A         B        C        D         E        F      G
               +---------+---------+-------+---------+---------+-------+---------
         Total |       0 |      37 |   0.0 |       0 |      14 |   0.0 |   480
               +---------+---------+-------+---------+---------+-------+---------
           D:1 |       0 |      12 |   0.0 |       0 |       7 |   0.0 |   242
           D:2 |       0 |       4 |   0.0 |       0 |       2 |   0.0 |    69
           D:3 |       0 |       4 |   0.0 |       0 |       2 |   0.0 |    76
           D:4 |       0 |      17 |   0.0 |       0 |       3 |   0.0 |    93
               +---------+---------+-------+---------+---------+-------+---------
